 Dungeon Crawl Stone Soup version 0.27-a0-1158-gaa87e14f67 (webtiles) character file.

Game seed: 7945907085156977728

700 Gorglomux the Skirmisher (level 7, -6/61 HPs)
             Began as a Vine Stalker Warper on May 15, 2021.
             Was a Follower of Uskayaw.
             Mangled by Pikel
             ... wielding a +1 whip of electrocution
              (13 damage)
             ... on level 5 of the Dungeon.
             The game lasted 00:07:31 (4468 turns).

Gorglomux the Skirmisher (Vine Stalker Warper)      Turns: 4468, Time: 00:07:31

Health: -6/61      AC: 23    Str: 16    XL:     7   Next: 65%
Magic:  0/11       EV:  2    Int: 13    God:    Uskayaw [*.....]
Gold:   163        SH:  0    Dex: 13    Spells: 9/11 levels left

rFire    . . .     SeeInvis .   (no weapon)
rCold    . . .     Faith    .   (no shield)
rNeg     + + +     Spirit   +   (armour currently unavailable)
rPois    +         Reflect  .   (helmet currently unavailable)
rElec    .         Harm     .   (cloak currently unavailable)
rCorr    .         Rampage  .   (gloves currently unavailable)
Will     .....     Clarity  +   (boots currently unavailable) Stlth +.........NoTele +
                                (no amulet)
HPRegen  1.20/turn              (no ring)
MPRegen  0.12/turn              (no ring)

@: tree-form
A: stationary, stasis, torment immunity, boosted hp, (fangs 2), regeneration 1,
magic shield, (antimagic bite), no potion heal 2, clarity, (cold resistance 1),
low mp 1, evolution 1
a: Renounce Religion, Stomp


You were on level 5 of the Dungeon.
You worshipped Uskayaw.
Uskayaw was noncommittal.
You were a tree.
You visited 1 branch of the dungeon, and saw 5 of its levels.

You collected 288 gold pieces.
You spent 125 gold pieces at shops.

Inventory:

Hand Weapons
 l - a +0 dagger of draining
Missiles
 K - 8 boomerangs of dispersal (quivered)
Armour
 a - a +0 kite shield
 b - a +0 leather armour (melded)
Magical Staves
 h - a staff of fire {!a}
Wands
 o - a wand of polymorph (5)
 I - a wand of iceblast (8)
Scrolls
 c - a scroll of vulnerability {unknown}
 e - a scroll of silence {unknown}
 g - 2 scrolls of acquirement {unknown}
 i - 2 scrolls of holy word {unknown}
 k - a scroll of amnesia {unknown}
 n - a scroll of enchant weapon {unknown}
 B - a scroll of blinking
Potions
 f - a potion of brilliance
 Q - 2 potions of curing


   Skills:
 - Level 6.9 Fighting
 + Level 2.5 Short Blades
 - Level 0.8 Throwing
 - Level 0.7 Armour
 - Level 1.5 Dodging
 + Level 2.9 Spellcasting
 + Level 3.5 Translocations


You had 9 spell levels left.
You knew the following spells:

 Your Spells              Type           Power      Damage    Failure   Level
d - Blink                 Tloc           N/A        N/A       9%          2

Your spell library contained the following spells:

 Spells                   Type           Power      Damage    Failure   Level
 Gell's Gravitas          Tloc           5%         N/A       16%         3
 Lesser Beckoning         Tloc           5%         N/A       16%         3
 Teleport Other           Tloc           11%        N/A       16%         3
 Foxfire                  Conj/Fire      4%         2x1d4     24%         1
 Confusing Touch          Hex            1%         N/A       56%         3
 Conjure Flame            Conj/Fire      1%         6-21      56%         3
 Inner Flame              Hex/Fire       1%         N/A       56%         3
 Manifold Assault         Tloc           11%        N/A       83%         5
 Petrify                  Tmut/Erth      1%         N/A       93%         4
 Sticky Flame             Conj/Fire      1%         2d3       93%         4
 Fireball                 Conj/Fire      0%         3d3       100%        5
 Metabolic Englaciation   Hex/Ice        0%         N/A       100%        5
 Yara's Violent Unravell  Hex/Tmut       0%         3d3       100%        5


Dungeon Overview and Level Annotations

Branches:
Dungeon (5/15)
 Temple: D:4-7

Altars:
Ashenzari
Kikubaaqudgha
Uskayaw

Shops:
D:2 (   D:3 [?(*

Annotations:
D:5 Ijyb, Pikel


Innate Abilities, Weirdness & Mutations

You are a tree.
Your roots penetrate the ground, keeping you stationary.
You cannot be teleported.
You are immune to unholy pain and torment.
Your maximum health is greatly increased.
Your equipment is partially melded.
((You have extremely sharp teeth.))
Your natural rate of healing is unusually fast.
When hurt, damage is shared between your health and your magic reserves.
((Your bite disrupts and absorbs the magic of your enemies.))
Potions cannot restore your health.
You possess an exceptional clarity of mind.
((Your flesh is cold resistant. (rC+)))
Your magical capacity is low. (-10% MP)
You evolve.


Message History

You hit the lemure but do no damage.
The lemure is severely wounded.
The lemure hits you. Something hits you but does no damage.
You are electrocuted!
The lemure hits you but does no damage.
You closely miss the lemure.
The lemure is severely wounded.
The lemure hits you! Something hits you but does no damage.
The lemure hits you but does no damage.
You barely miss the lemure.
The lemure is severely wounded.
The lemure hits you but does no damage. Something hits you.
The lemure hits you but does no damage.
You hit the lemure but do no damage.
The lemure is severely wounded.
Ijyb is no longer berserk.
The lemure hits you but does no damage. Something hits you but does no damage.
You are electrocuted!!
* * * LOW HITPOINT WARNING * * *
The lemure hits you but does no damage.
It was a potion of magic.
Magic courses through your body. The lemure hits you but does no damage.
Something hits you but does no damage. The lemure hits you but does no damage.
It was a potion of mutation.
You feel extremely strange.
Your thoughts seem clearer.
You feel nature experimenting on you.
Don't worry, failures die fast.
You feel less energetic.
You feel resistant to cold. The lemure hits you but does no damage.
Something hits you.
* * * LOW HITPOINT WARNING * * *
The lemure hits you but does no damage.
Okay, then.
Aiming: Polymorph
Press: ? - help, Shift-Dir - straight line Nothing appears to happen.
The lemure hits you but does no damage. Something hits you but does no damage.
You are electrocuted!
* * * LOW HITPOINT WARNING * * *
The lemure hits you but does no damage.
Aiming: Polymorph
Press: ? - help, Shift-Dir - straight line, f - lemure
Aim: a lemure (will become an iron imp, an orange demon, or an ufetubus, chance to affect: 46%)
The lemure resists with some effort.
The lemure hits you but does no damage. Something hits you but does no damage.
The lemure hits you!
* * * LOW HITPOINT WARNING * * *
Aiming: Polymorph
Press: ? - help, Shift-Dir - straight line, p - lemure Nothing appears to happen.
The lemure barely misses you. Something hits you.
* * * LOW HITPOINT WARNING * * *
The lemure hits you but does no damage.
Okay, then.
You smack something!
The lemure hits you but does no damage. Something hits you but does no damage.
You are electrocuted!
You die...

#............ #.#.....
#............# #....#.#
#............# #...#..#
#............###...#..#
#..............5...#...
#..............5...#.##
##.##..............#...
#.#.5.............####
#(#l{♣.........#...
#.#.5#######...#.###
#.#.g.......... .#
#.#.#####... #.#..
#..... ...... .....5.
#>.......


You could see 2 lemures, Ijyb (slow) and an iguana.

Vanquished Creatures
  Edmund (D:4)
  A necrophage (D:5)
  A centaur (D:5)
  2 lemures (D:5)
  A scorpion (D:3)
  3 vampire bats (D:4)
  An orc priest (D:3)
  A centaur skeleton (D:5)
  An iguana (D:4)
  An orc wizard (D:3)
  A hound skeleton (D:4)
  4 adders
  4 dart slugs
  6 orcs (D:3)
  3 bat skeletons (D:4)
  A bat zombie (D:4)
  8 endoplasms
  2 giant cockroaches (D:1)
  9 goblins
  9 hobgoblins
  5 jackals
  4 kobolds
  6 ball pythons
  6 bats
  3 frilled lizards
  A quokka skeleton (D:4)
  5 rats
90 creatures vanquished.

Notes
Turn   | Place    | Note
-------+----------+-------------------------------------------
     0 | D:1      | Gorglomux the Vine Stalker Warper began the quest for the
                  | Orb.
     0 | D:1      | Reached XP level 1. HP: 11/11 MP: 4/4
    91 | D:1      | Reached skill level 2 in Fighting
   238 | D:1      | Reached XP level 2. HP: 11/16 MP: 3/6
   642 | D:1      | Reached skill level 3 in Fighting
   644 | D:1      | Reached XP level 3. HP: 18/20 MP: 7/7
  1032 | D:1      | Found a faded altar of an unknown god.
  1163 | D:1      | Learned a level 2 spell: Blink
  1940 | D:2      | Noticed a water moccasin
  2243 | D:2      | Found Dofiposi's Antique Weapon Emporium.
  2264 | D:2      | Gained mutation: Your natural rate of healing is unusually
                  | fast. [Vine Stalker growth]
  2264 | D:2      | Reached XP level 4. HP: 7/25 MP: 6/8
  2425 | D:3      | Reached skill level 4 in Fighting
  2553 | D:3      | Reached XP level 5. HP: 27/30 MP: 7/9
  2577 | D:3      | Found a broken altar of Ashenzari.
  2657 | D:3      | Found Dihoxaaj's Armour Shop.
  2669 | D:3      | Found Qasargh's Magic Scroll Emporium.
  2672 | D:3      | Bought a scroll of identify for 20 gold pieces
  2698 | D:3      | Found Yvas Hiu's Weapon Boutique.
  2779 | D:3      | Found Ilul's Book Boutique.
  3051 | D:3      | Found Otoef's Assorted Antiques.
  3054 | D:3      | Bought a runed dagger for 105 gold pieces
  3325 | D:3      | Reached skill level 5 in Fighting
  3406 | D:4      | Reached XP level 6. HP: 28/35 MP: 6/10
  3495 | D:4      | Found a hide-covered altar of Uskayaw.
  3547 | D:4      | Noticed Edmund
  3558 | D:4      | Became a worshipper of Uskayaw the Reveller
  3564 | D:4      | Reached * piety under Uskayaw
  3569 | D:4      | Reached ** piety under Uskayaw
  3579 | D:4      | Reached *** piety under Uskayaw
  3580 | D:4      | Killed Edmund
  3581 | D:4      | Reached skill level 6 in Fighting
  3671 | D:4      | Found an ancient bone altar of Kikubaaqudgha.
  3684 | D:4      | Reached **** piety under Uskayaw
  3689 | D:4      | Reached ***** piety under Uskayaw
  3690 | D:4      | Reached XP level 7. HP: 39/41 MP: 8/11
  3707 | D:4      | Reached ****** piety under Uskayaw
  3914 | D:5      | Entered Level 5 of the Dungeon
  4437 | D:5      | Noticed Ijyb
  4443 | D:5      | Noticed Pikel
  4464 | D:5      | Gained mutation: You possess an exceptional clarity of
                  | mind. [potion of mutation]
  4464 | D:5      | Gained mutation: You evolve. [potion of mutation]
  4464 | D:5      | Gained mutation: Your magical capacity is low. (-10% MP)
                  | [potion of mutation]
  4464 | D:5      | Gained mutation: Your flesh is cold resistant. (rC+)
                  | [potion of mutation]
  4468 | D:5      | Mangled by Pikel

Illustrated notes

Levels and vault maps discovered:
D:1:      co_arrival_hall_of_pillars, layout_loops_ring,
          ebering_ecumenical_altar_abandoned
D:2:      layout_rooms, serial_shops, nicolae_shop_stone
D:3:      layout_basic, nicolae_overflow_hidden_temple, serial_shops,
          shop_statue, nicolae_shop_behind_doors, shop,
          nicolae_shop_behind_doors, shop, small_statue_intersection,
          dk_noncrumbling_3
D:4:      layout_cave_pools, amcnicky_altar_gilded, kennysheep_vampire_church,
          uniq_edmund
D:5:      layout_basic, lemuel_tele_altar, serial_shops, shop,
          dk_rats_in_the_wall, uniq_pikel, uniq_ijyb

Skill      XL: |  1  2  3  4  5  6  7 |
---------------+----------------------+-----
Fighting       | 2 3 4 5 6 |  6.9
Short Blades   | 2 |  2.5
Throwing       | |  0.8
Armour         | |  0.7
Dodging        | |  1.5
Spellcasting   | |  2.9
Translocations | |  3.5

Action                   |  1- 3 |  4- 6 |  7- 9 || total
-------------------------+-------+-------+-------++-------
Melee: Short sword       |   136 |    94 |       ||   230
       Bite              |    35 |    51 |    50 ||   136
       Dagger            |       |    87 |   140 ||   227
       Unarmed           |       |       |    10 ||    10
Throw: Boomerang         |     1 |       |       ||     1
 Cast: Blink             |     1 |       |       ||     1
Invok: Line Pass         |       |       |     1 ||     1
Evoke: Wand              |       |       |     3 ||     3
  Use: Potion            |     1 |     2 |     3 ||     6
       Scroll            |       |     2 |     1 ||     3
 Stab: Paralysed         |       |     2 |       ||     2
Armor: Leather armour    |    45 |    58 |    37 ||   140
       Skin              |       |       |    40 ||    40
Dodge: Dodged            |   114 |   118 |    70 ||   302

Table legend: (Time is in decaauts)
 A = Elapsed time spent in this place.
 B = Non-inter-level travel time spent in this place.
 C = Inter-level travel time spent in this place.
 D = Time resting spent in this place.
 E = Time spent auto-exploring this place.
 F = Levels seen in this place.
 G = Mean time per level.
                   A        B        C        D        E       F      G
               +--------+--------+--------+--------+--------+-----+--------+
         Total |   4430 |   4300 |    130 |    564 |   2785 |   5 |  886.0 |
       Dungeon |   4430 |   4300 |    130 |    564 |   2785 |   5 |  886.0 |
               +--------+--------+--------+--------+--------+-----+--------+

Top non-repeatable levels by time:
     D:1: 1330 daAuts
     D:2: 1073 daAuts
     D:3: 855 daAuts
     D:4: 631 daAuts
     D:5: 539 daAuts
